 Dungeon Crawl Stone Soup version 0.31-a0-771-g505c3d19dc (webtiles) character file.

Game seed: 8557048079322220556

126 LobsterGuardian the Chopper (level 5, -3/46 HPs)
             Began as a Hill Orc Monk on Sept 16, 2023.
             Slain by an iron imp (6 damage)
             ... summoned by Eustachio
             ... on level 4 of the Dungeon on Sept 17, 2023.
             The game lasted 00:06:42 (3200 turns).

LobsterGuardian the Chopper (Hill Orc Monk)         Turns: 3200, Time: 00:06:42

Health: -3/46      AC:  4    Str: 14    XL:     5   Next: 10%
Magic:  5/5        EV: 12    Int: 10    God:
Gold:   234        SH:  0    Dex: 15    Spells: 4/4 levels left

rFire   . . .        a - +0 hand axe
rCold   . . .        d - orb {light}
rNeg    . . .        k - +0 leather armour
rPois   .            (no helmet)
rElec   .            (no cloak)
rCorr   .            g - +0 pair of gloves
SInv    .            (no boots)
Will    +....        b - amulet of faith
Stlth   +            p - ring of willpower
HPRegen 0.27/turn    (no ring)
MPRegen 0.09/turn

%: faith
@: confused, ambrosia-drunk, glowing
A: no striking features
a: no special abilities


You were on level 4 of the Dungeon.
You visited 1 branch of the dungeon, and saw 4 of its levels.

You collected 234 gold pieces.

Inventory:

Hand Weapons
 a - a +0 hand axe (weapon)
Armour
 d - an orb of light (worn)
 g - a +0 pair of gloves (worn)
 k - a +0 leather armour (worn)
Jewellery
 b - an amulet of faith (around neck)
 o - an amulet of magic regeneration
 p - a ring of willpower (left hand)
Scrolls
 f - 2 scrolls of teleportation
 h - a scroll of fog {unknown}
 i - 2 scrolls of enchant armour {unknown}
 l - a scroll of revelation {unknown}
 r - a scroll of enchant weapon {unknown}
 u - a scroll of brand weapon {unknown}
Potions
 e - 2 potions of cancellation
 j - 2 potions of curing {unknown}
 n - a potion of might {unknown}
 q - a potion of haste {unknown}
 t - a potion of brilliance {unknown}
 v - a potion of lignification {unknown}


   Skills:
 + Level 4.2 Fighting
 * Level 6.1 Axes
 + Level 1.1 Armour
 + Level 3.0 Dodging


You had 4 spell levels left.
You didn't know any spells.
Your spell library contained the following spells:

 Spells                   Type           Power      Damage    Failure   Level
 Apportation              Tloc           0%         N/A       43%         1
 Ensorcelled Hibernation  Hex/Ice        0%         N/A       56%         2
 Jinxbite                 Hex            0%         N/A       56%         2
 Anguish                  Hex/Necr       0%         N/A       99%         4
 Alistair's Intoxication  Tmut/Pois      0%         N/A       100%        5


Dungeon Overview and Level Annotations

Branches:
Dungeon (4/15)
 Temple: D:4-7

Altars:
Okawaru

Shops:
D:1 ::*

Annotations:
D:4 Eustachio


Message History

You hit the river rat but do no damage. The bat barely misses you.
The river rat bites you.
Eustachio casts a spell.
You hit Eustachio.
Eustachio is heavily wounded.
You hit the river rat but do no damage. The bat barely misses you.
Eustachio casts a spell.
The river rat barely misses you.
You hit Eustachio.
Eustachio is heavily wounded.
You hit the river rat. The bat hits you but does no damage.
The iron imp shouts, "Return whence thou came, thou pottle-deep nut-hook clack-dish!"
The river rat barely misses you. Eustachio hits you with a +0 falchion.
The bat hits you but does no damage.
You hit Eustachio.
Eustachio is severely wounded.
You hit the river rat. You hit the iron imp but do no damage.
You closely miss the bat. The bat hits you but does no damage.
The iron imp misses you. Eustachio hits you with a +0 falchion.
The river rat closely misses you. The bat closely misses you.
Unknown command.
Unknown command.
You hit Eustachio.
Eustachio is severely wounded.
You hit the bat.
You kill the bat!
The bat's corpse disappears in a puff of smoke!
You hit the iron imp.
You hit the river rat but do no damage. x2
The iron imp hits you!
* * * LOW HITPOINT WARNING * * *
The river rat closely misses you. Eustachio hits you with a +0 falchion.
* * * LOW HITPOINT WARNING * * *
The river rat misses you.
Unknown command.
Unknown command.
You are confused.
You feel invigorated. The river rat bites you.
* * * LOW HITPOINT WARNING * * *
The iron imp hits you.
You die...

######## ########.
.......# #).......
######.#########........
######........##........
.........####.##........
####.)....###.##........
..).......##...'ยง5......
###.......##..##@rr.....
#...........##@r......
#.........#.##r.......
#.........#.##........
#.......#.#..+........
##......#.####........
######>... +........
###.## #........ #.#


You could see Eustachio, an iron imp (summoned), 2 river rats, a quokka and a
rat (summoned).

Vanquished Creatures
  An iguana (D:4)
  An adder (D:2)
  An adder skeleton (D:2)
  6 dart slugs
  A bat zombie (D:2)
  8 endoplasms
  4 giant cockroaches
  4 goblins
  7 hobgoblins
  12 kobolds
  3 quokkas
  7 ball pythons
  7 bats
  5 frilled lizards
  6 rats
73 creatures vanquished.

Notes
Turn   | Place    | Note
-------+----------+-------------------------------------------
     0 | D:1      | LobsterGuardian the Hill Orc Monk began the quest for the
                  | Orb.
     0 | D:1      | Reached XP level 1. HP: 19/19 MP: 1/1
    78 | D:1      | Found Faehuvola's Book Shoppe.
    89 | D:1      | Found Ineb's Assorted Antiques.
   122 | D:1      | Upgraded the game from 0.31-a0-765-g67fe2935dc to
                  | 0.31-a0-771-g505c3d19dc
   143 | D:1      | Reached XP level 2. HP: 27/27 MP: 2/2
   333 | D:1      | Found Isituuh's Book Boutique.
   634 | D:1      | Reached XP level 3. HP: 29/33 MP: 3/3
   681 | D:1      | Reached skill level 5 in Axes
  1877 | D:2      | Reached XP level 4. HP: 40/40 MP: 4/4
  2225 | D:3      | Found an iron altar of Okawaru.
  3032 | D:4      | Reached skill level 6 in Axes
  3032 | D:4      | Reached skill level 1 in Armour
  3032 | D:4      | Reached XP level 5. HP: 11/46 MP: 5/5
  3188 | D:4      | Noticed Eustachio
  3200 | D:4      | Slain by an iron imp

Illustrated notes

Levels and vault maps discovered:
D:1:      sevenhm_arrival_forest_fort_small_3, layout_loops_ring, serial_rivers,
          chequers_serial_rivers_small_b, chequers_serial_rivers_small_b,
          chequers_serial_rivers_room_b, chequers_serial_rivers_micro_c,
          chequers_serial_rivers_small_3, chequers_serial_rivers_small_3,
          serial_shops, nicolae_shop_waterfront, nicolae_square_shop, shop,
          dreamdust_wishing_well
D:2:      layout_basic, serial_undead, serial_undead_e, serial_undead_d,
          serial_undead_f, serial_undead_b, minmay_tripent
D:3:      layout_basic, hellmonk_okawaru_the_only_friend_you_need,
          minmay_misc_feat_tiny, minmay_gold_behind_fungi, minmay_ruptured
D:4:      minmay_evil_eye, layout_basic, lemuel_doored_altar, temple_doors_e,
          uniq_eustachio

Skill      XL: |  1  2  3  4 |
---------------+-------------+-----
Axes           | 5 6 |  6.1
Fighting       | 4 |  4.2
Armour         | 1 |  1.1
Dodging        | 3 |  3.0

Action                     |  1- 3 |  4- 6 || total
---------------------------+-------+-------++-------
  Melee: Hand axe          |   129 |   106 ||   235
    Use: Scroll            |     2 |     1 ||     3
         Potion            |       |     2 ||     2
 Armour: Robe              |    49 |       ||    49
         Leather armour    |    11 |    70 ||    81
  Dodge: Dodged            |    97 |    59 ||   156

Table legend: (Time is in decaauts)
 A = Elapsed time spent in this place.
 B = Non-inter-level travel time spent in this place.
 C = Inter-level travel time spent in this place.
 D = Time resting spent in this place.
 E = Time spent auto-exploring this place.
 F = Levels seen in this place.
 G = Mean time per level.
                   A        B        C        D        E       F      G
               +--------+--------+--------+--------+--------+-----+--------+
         Total |   3222 |   3015 |    207 |      0 |   2480 |   4 |  805.5 |
       Dungeon |   3222 |   3015 |    207 |      0 |   2480 |   4 |  805.5 |
               +--------+--------+--------+--------+--------+-----+--------+

Top non-repeatable levels by time:
     D:1: 1062 daAuts
     D:3: 1019 daAuts
     D:2: 936 daAuts
     D:4: 204 daAuts
